 Dungeon Crawl Stone Soup version 0.18-a0-1514-g6ed9364 (webtiles) character file.

2401 Duffy the Carver (level 9, -4/81 HPs)
             Began as a Minotaur Chaos Knight on Mar 6, 2016.
             Slain by an orc warrior
             ... wielding a +0 scimitar
              (7 damage)
             ... on level 9 of the Dungeon.
             The game lasted 00:07:06 (5982 turns).

Duffy the Carver (Minotaur Chaos Knight)            Turns: 5982, Time: 00:07:06

Health: -4/81      AC: 13    Str: 14 (16) XL:     9   Next: 23%
Magic:  8/8        EV:  7    Int:  8 (10) God:    Xom [......]
Gold:   330        SH:  0    Dex: 15 (16) Spells: 0 memorised, 8 levels left

rFire  . . .     SeeInvis .     H - +0 long sword
rCold  . . .     Gourm    .     I - +0 plate armour
rNeg   . . .     Faith    .     (no shield)
rPois  .         Spirit   .     (helmet restricted)
rElec  .         Dismiss  .     (no cloak)
rCorr  .         Reflect  .     (no gloves)
SustAt .         Harm     .     (no boots)
MR     .....                    A - amulet of regeneration
Stlth  ..........               s - +3 ring of dexterity
                                n - +2 ring of evasion

@: very slightly contaminated, drained, invisible, not resistant to hostile
enchantments, extremely unstealthy
A: retaliatory headbutt, horns 2
a: Renounce Religion


You were on level 9 of the Dungeon.
You worshipped Xom.
You were a very special plaything of Xom.
You were hungry.

You visited 2 branches of the dungeon, and saw 8 of its levels.

You collected 330 gold pieces.


Innate Abilities, Weirdness & Mutations

You reflexively headbutt those who attack you in melee.
You have a pair of horns on your head.


   Skills:
 + Level 8.0(7.9) Fighting
 * Level 11.1(11.0) Long Blades
 + Level 7.8(7.7) Armour
 - Level 1.1(1.0) Dodging


You had 8 spell levels left.
You didn't know any spells.

Inventory:

Hand Weapons
 H - a +0 long sword (weapon)
Missiles
 f - 15 poisoned needles
 y - 12 tomahawks (quivered)
 B - 2 javelins
Armour
 I - a +0 plate armour (worn)
Jewellery
 n - a +2 ring of evasion (left hand)
 s - a +3 ring of dexterity (right hand)
 x - a cursed ring of loudness {unknown}
 A - an amulet of regeneration (around neck)
Wands
 G - a wand of teleportation (0/9)
Scrolls
 a - a scroll of immolation {unknown}
 g - 2 scrolls of magic mapping {unknown}
 h - 2 scrolls of noise {unknown}
 i - 4 scrolls of identify {unknown}
 m - 2 scrolls of remove curse {unknown}
 p - 2 scrolls of enchant armour {unknown}
 r - a scroll of recharging {unknown}
 t - a scroll of fog {unknown}
 u - a scroll of teleportation {unknown}
 v - a scroll of enchant weapon {unknown}
 D - a scroll of fear {unknown}
Potions
 e - 2 potions of degeneration
 j - a potion of haste {unknown}
 l - 3 potions of curing
 o - a potion of heal wounds {unknown}
 q - a potion of ambrosia {unknown}
 w - a potion of invisibility
 C - a potion of magic {unknown}
 F - a potion of flight {unknown}
Comestibles
 b - 2 chunks of flesh
 c - 2 bread rations
 d - 2 meat rations
 E - a royal jelly

Dungeon Overview and Level Annotations

Branches:
Dungeon (6/15)             Temple (1/1) D:6

Altars:
Ashenzari
Dithmenos
Elyvilon
Fedhas
Gozag
Kikubaaqudgha
Makhleb
Pakellas
Qazlal
Ru
Sif Muna
Trog
Vehumet
Yredelemnul
Zin
The Shining One


Message History

You are too injured to fight recklessly!
You are too injured to fight recklessly!
You are too injured to fight recklessly!
You are too injured to fight recklessly!
You are too injured to fight recklessly!
You are too injured to fight recklessly!
You are too injured to fight recklessly!
You are too injured to fight recklessly!
You are too injured to fight recklessly!
You are too injured to fight recklessly!
You barely miss the orc warrior.
The orc warrior is severely wounded.
The orc warrior hits you with a short sword.
The orc warrior closely misses you.
You hit the orc warrior but do no damage.
The orc warrior is severely wounded.
The orc warrior hits you with a glaive.
The orc warrior hits you but does no damage.
The orc warrior hits you with a scimitar!
You hit the orc warrior but do no damage.
The orc warrior is severely wounded.
The orc warrior hits you with a glaive!
The orc warrior hits you with a short sword!
You strike the helpless orc warrior from behind!
You hit the orc warrior but do no damage.
You headbutt the orc warrior.
The orc warrior is severely wounded.
The orc warrior hits you with a scimitar.
The orc warrior hits you with a short sword.
You hit the orc warrior but do no damage.
The orc warrior is severely wounded.
The orc warrior hits you with a glaive.
The orc warrior hits you with a scimitar!
You die...
Xom giggles madly!

#####... #. #.......
##.############.##''#.
................#...#.
................#...#.
................#...#.
#####'###'#......#...#.
#...0o0o0.#......#...#.
##..0#@o0#####...#...#.
##...##0##...##.##...#
##..8..###.8.8.###.....
#......o'..o....+......
#..#+#..#..#o#..# #.#
##.#.##.# # #. #.#.# oo
# #.#.# o.# #.#.# .##


You could see 3 orc warriors.

Action                   |  1- 3 |  4- 6 |  7- 9 || total
-------------------------+-------+-------+-------++-------
Melee: Falchion          |   102 |   134 |   188 ||   424
       Long sword        |       |       |    74 ||    74
  Use: Potion            |       |       |     2 ||     2
 Stab: Paralysed         |     1 |     1 |       ||     2
       Confused          |       |     1 |     1 ||     2
       Petrifying        |       |       |     2 ||     2
       Invisible         |       |       |     5 ||     5
  Eat: Chunk             |     3 |     7 |     6 ||    16

Notes
Turn   | Place    | Note
--------------------------------------------------------------
     0 | D:1      | Duffy the Minotaur Chaos Knight began the quest for the Orb.
     0 | D:1      | Reached XP level 1. HP: 19/19 MP: 0/0
   385 | D:1      | Reached skill level 4 in Long Blades
   385 | D:1      | Reached XP level 2. HP: 27/27 MP: 1/1
   409 | D:1      | Reached skill level 4 in Fighting
   435 | D:1      | XOM is BORED!
   435 | D:1      | XOM: noise
   985 | D:1      | XOM: harmless Summ miscast
  1112 | D:2      | XOM is BORED!
  1112 | D:2      | XOM: mild Tloc miscast
  1259 | D:2      | Reached XP level 3. HP: 26/33 MP: 2/2
  1571 | D:2      | XOM: colour smoke trail
  1674 | D:2      | Reached skill level 3 in Armour
  2008 | D:3      | Reached skill level 5 in Long Blades
  2008 | D:3      | Reached XP level 4. HP: 15/40 MP: 3/3
  2259 | D:3      | Reached XP level 5. HP: 44/47 MP: 4/4
  2260 | D:3      | XOM: butterfly on damage
  2264 | D:3      | XOM: confuse monster(s)
  2286 | D:3      | Reached skill level 6 in Long Blades
  2633 | D:3      | Reached skill level 4 in Armour
  2678 | D:3      | Reached skill level 5 in Fighting
  3239 | D:4      | Reached XP level 6. HP: 53/56 MP: 5/5
  3255 | D:4      | XOM: vitrification
  3308 | D:3      | Found a basalt altar of Yredelemnul.
  3594 | D:4      | XOM: harmless Air miscast
  3693 | D:4      | XOM: cast spell 'Ice Form'
  3697 | D:4      | Found a sacrificial altar of Ru.
  3697 | D:4      | Found a glowing silver altar of Zin.
  3825 | D:4      | XOM: medium Fire miscast
  3888 | D:5      | Entered Level 5 of the Dungeon
  3891 | D:5      | XOM: confusion
  3928 | D:4      | Reached skill level 7 in Long Blades
  3931 | D:4      | XOM: mild Air miscast
  3933 | D:4      | Reached skill level 5 in Armour
  3933 | D:4      | Reached XP level 7. HP: 42/61 MP: 6/6
  4007 | D:5      | Reached skill level 8 in Long Blades
  4287 | D:5      | Reached skill level 6 in Fighting
  4290 | D:5      | XOM: divination: detect items
  4298 | D:5      | XOM: confuse monster(s)
  4363 | D:5      | Found a sacrificial altar of Ru.
  4365 | D:5      | XOM: divination: detect creatures
  4374 | D:5      | Reached skill level 6 in Armour
  4374 | D:5      | Reached XP level 8. HP: 66/71 MP: 7/7
  4398 | D:5      | XOM: silly message
  4453 | D:5      | Noticed Edmund
  4468 | D:5      | XOM: noise
  4490 | D:5      | XOM: divination: magic mapping
  4496 | D:5      | XOM: mild Fire miscast
  4591 | D:5      | XOM: smoke on damage
  4593 | D:5      | XOM: smoke on damage
  4599 | D:5      | Killed Edmund
  4599 | D:5      | Reached skill level 9 in Long Blades
  4911 | D:5      | XOM: harmless Hex miscast
  5161 | D:6      | XOM: stat loss: -1 Dex (14/15)
  5215 | D:6      | XOM: enchant monster (bad)
  5232 | D:6      | XOM: blink monster(s)
  5306 | D:6      | Reached skill level 7 in Fighting
  5325 | D:6      | XOM: mild Pois miscast
  5366 | D:6      | Reached skill level 10 in Long Blades
  5366 | D:6      | Reached skill level 7 in Armour
  5400 | D:6      | Found a staircase to the Ecumenical Temple.
  5405 | D:6      | Noticed Kilingo's ghost (novice OpTm)
  5420 | D:6      | XOM: silly message
  5482 | D:6      | Killed Kilingo's ghost
  5482 | D:6      | Reached XP level 9. HP: 69/80 MP: 8/8
  5530 | Temple   | Entered the Ecumenical Temple
  5573 | Temple   | XOM: harmless Chrm miscast
  5765 | D:6      | XOM: harmless Pois miscast
  5859 | D:6      | Reached skill level 11 in Long Blades
  5871 | D:6      | Found a radiant altar of Vehumet.
  5871 | D:6      | Found a white marble altar of Elyvilon.
  5920 | D:6      | You fall through a shaft for 3 floors!
  5968 | D:9      | XOM: fog
  5971 | D:9      | XOM: polymorph orc warrior -> ogre
  5975 | D:9      | Reached skill level 8 in Fighting
  5982 | D:9      | Slain by an orc warrior

Vault maps used:
D:1:      denvon_arrival_planthouse, minmay_misc_feat_pillars
D:3:      lemuel_upstairs_altar
D:4:      gammafunk_temple_overflow_pools
D:5:      first_bread, nicolae_ru_awakened_eye, uniq_edmund
D:6:      gammafunk_temple_overflow_wave, minmay_temple_entry_glass
D:9:      overflow_temple_1_default, david_orc_1_choice, grunt_ogre_cave
Temple:   circular_temple_12

Vanquished Creatures
  The ghost of Kilingo the Vandal, a novice OpTm Edmund
  An orc warrior
  An ice beast
  A phantom
  A sky beast
  3 centaurs
  4 ogres
  A giant frog
  A jelly
  A wight
  A crimson imp
  A giant frog zombie
  3 orc priests
  A giant frog skeleton
  4 hounds
  8 orc wizards
  6 worker ants
  3 gnolls
  4 adders
  A shadow imp
  An adder skeleton
  3 dart slugs
  35 orcs
  2 ball pythons
  9 bats
  2 giant cockroaches
  8 hobgoblins
  6 jackals
  6 quokkas
  3 giant newts
  5 goblins
  A jackal skeleton
  4 kobolds
  A quokka skeleton
  9 rats
143 creatures vanquished.
